 Dungeon Crawl Stone Soup version 0.19-a0-742-g4563caa (webtiles) character file.

11 ololoev the Vexing (level 2, -2/23 HPs)
             Began as a Ghoul Arcane Marksman on June 23, 2016.
             Slain by a goblin
             ... wielding a +0 club
              (4 damage)
             ... on level 1 of the Dungeon.
             The game lasted 00:02:05 (364 turns).

ololoev the Vexing (Ghoul Arcane Marksman)           Turns: 364, Time: 00:02:06

Health: -2/23      AC:  2    Str: 14    XL:     2   Next: 25%
Magic:  2/2        EV:  9    Int:  8    God:
Gold:   9          SH:  6    Dex:  8    Spells: 0 memorised, 3 levels left

rFire  . . .     SeeInvis .     (no weapon)
rCold  + . .     Gourm    .     a - +0 robe
rNeg   + + +     Faith    .     b - +0 shield
rPois  ∞         Spirit   .     (no helmet)
rElec  .         Dismiss  .     (no cloak)
rCorr  .         Reflect  .     (no gloves)
SustAt .         Harm     .     (no boots)
MR     .....                    (no amulet)
Stlth  +.........               (no ring)
                                (no ring)

@: rotting, not resistant to hostile enchantments, very unstealthy
A: rotting body, claws 1, carnivore 3, cold resistance 1, negative energy
resistance 3, slow regeneration 1, torment resistance, unbreathing
a: no special abilities


Innate Abilities, Weirdness & Mutations

Your body is rotting away.
You thrive on raw meat.
You are immune to poison.
You have sharp fingernails.
You are carnivorous and can eat meat at any time.
Your flesh is cold resistant. (rC+)
You are immune to negative energy. (rN+++)
You regenerate slowly when monsters are visible.
You are immune to unholy pain and torment.
You can survive without breathing.

Inventory:

Armour
 a - a +0 robe (worn)
 b - a +0 shield (worn)
Scrolls
 g - a scroll of fear {unknown}
Comestibles
 f - a meat ration


   Skills:
 + Level 1.3 Fighting
 * Level 2.1 Throwing
 + Level 0.6 Armour
 - Level 1.7 Dodging
 + Level 0.1 Shields
 - Level 1.0 Spellcasting
   Level 2.4 Hexes


You had 3 spell levels left.
You didn't know any spells.


You were on level 1 of the Dungeon.
You were not hungry.

You visited 1 branch of the dungeon, and saw 1 of its levels.

You collected 9 gold pieces.

.. ... .>....#.......#
.###.####.####..#..#.......#
........#.##.#.##..#..†....#
........).........(#.......#
.w...#..#..........#.......###
####.....w(........§§.........
#.#.!.....#(≈≈≈≈§§≈≈≈≈.###.
#.#..#.####w≈8≈§§§≈≈8≈..# #
#..#(..g@.≈≈8≈§§≈8≈≈..#
#..#(####.≈≈≈####≈§≈..# #....#
#.§≈≈#..'≈§§..# ....##
#.≈≈≈#<.'§§≈§.# ...g..
#.≈≈≈####≈≈≈..# #.....
#.≈≈8≈≈≈≈8≈≈..# #....
#.≈8≈≈≈≈≈≈8≈### #....
#.≈≈≈≈≈≈§≈≈≈.. #......§...#.#.

Notes
Turn   | Place    | Note
--------------------------------------------------------------
     0 | D:1      | ololoev the Ghoul Arcane Marksman began the quest for the Orb.
     0 | D:1      | Reached XP level 1. HP: 16/16 MP: 1/1
   177 | D:1      | Reached XP level 2. HP: 14/23 MP: 2/2
   364 | D:1      | Slain by a goblin

Dungeon Overview and Level Annotations

Branches:
Dungeon (1/15)

Altars:


Message History

You block the rat's attack.
You are too injured to fight recklessly!
You are too injured to fight recklessly!
You are too injured to fight recklessly!
You are too injured to fight recklessly!
You are too injured to fight recklessly!
You are too injured to fight recklessly!
You are too injured to fight recklessly!
The kobold barely misses you.
Throwing (i - inventory. (,) - cycle):
c - 5 javelins (quivered)
Press: ? - help, Shift-Dir - straight line, f - kobold
Aim: a kobold, wielding a dagger You throw a javelin.
The javelin barely misses the kobold.
The kobold hits you with a dagger.
Throwing (i - inventory. (,) - cycle):
c - 4 javelins (quivered)
Press: ? - help, Shift-Dir - straight line, f/p - kobold
Aim: a kobold, wielding a dagger You throw a javelin.
The javelin hits the kobold.
The kobold is moderately wounded.
The kobold hits you with a dagger.
Throwing (i - inventory. (,) - cycle):
c - 3 javelins (quivered)
Press: ? - help, Shift-Dir - straight line, f - rat, p - kobold
Aim: a rat You throw a javelin.
The javelin hits the kobold!
You kill the kobold!
You scratch the rat.
The rat is heavily wounded.
The rat bites you.
A dart slug comes into view.
You scratch the rat.
You kill the rat!
Items here: (( )) ††
e - a stone
e - 2 stones (gained 1)
You see here a stone.
The dart slug launches a dart at you. The slug dart hits you!
A goblin comes into view. It is wielding a club.
The goblin shouts!
The goblin moves out of view.
You start resting.
Throwing (i - inventory. (,) - cycle):
e - 2 stones (quivered)
Press: ? - help, Shift-Dir - straight line, f - goblin
Aim: a goblin, wielding a club You throw a stone.
The stone closely misses the goblin.
Throwing (i - inventory. (,) - cycle):
e - a stone (quivered)
Press: ? - help, Shift-Dir - straight line, f/p - goblin
Aim: a goblin, wielding a club You throw a stone.
The stone closely misses the goblin.
Throwing (i - inventory. (,) - cycle):
c - 2 javelins (quivered)
Press: ? - help, Shift-Dir - straight line, f - dart slug, p - goblin
Aim: a dart slug (clinging)
You throw a javelin. The javelin hits the dart slug.
The dart slug is heavily wounded.
You block the goblin's attack.
Throwing (i - inventory. (,) - cycle):
c - a javelin (quivered)
Press: ? - help, Shift-Dir - straight line, f/p - dart slug
Aim: a dart slug (heavily wounded, clinging)
You throw a javelin.
The javelin hits the dart slug but does no damage.
The dart slug is heavily wounded.
The dart slug bites you. The goblin barely misses you.
Throwing (i - inventory):
d - 2 throwing nets (quivered)
Press: ? - help, Shift-Dir - straight line, f/p - dart slug
Aim: a dart slug (heavily wounded, clinging)
You throw a throwing net.
The throwing net barely misses the dart slug.
The dart slug bites you. The goblin hits you but does no damage.
Throwing (i - inventory):
d - a throwing net (quivered)
Press: ? - help, Shift-Dir - straight line, f/p - dart slug
Aim: a dart slug (heavily wounded, clinging)
You throw a throwing net. The throwing net hits the dart slug.
The dart slug is caught in the net!
The dart slug is heavily wounded.
The dart slug struggles against the net.
The goblin barely misses you.
You scratch the dart slug.
The dart slug is heavily wounded.
The goblin hits you with a club.
You die...

You could see a dart slug (caught) and a goblin.

Vanquished Creatures
  2 dart slugs (D:1)
  A bat (D:1)
  4 kobolds (D:1)
  A rat (D:1)
8 creatures vanquished.

Action                   || total
-------------------------++-------
Melee: Unarmed           ||    34
Throw: Javelin           ||     9
       Stone             ||     5
       Throwing net      ||     2
  Eat: Chunk             ||     3
Armor: Robe              ||    11
Dodge: Dodged            ||    21
Block: Shield            ||     4

Vault maps used:
D:1:      lightli_arrival_boilingwater
